 Dungeon Crawl Stone Soup version 0.30.0-15-g856e2d3f33 (webtiles) character file.

Game seed: 5419099686677373886

17994 Darkkill the Fighter (level 12, 0/113 HPs)
             Began as a Minotaur Hunter on May 18, 2023.
             Was an Initiate of Gozag.
             Slain by a black bear (1 damage)
             ... on level 2 of the Lair of Beasts.
             The game lasted 00:23:45 (12155 turns).

Darkkill the Fighter (Minotaur Hunter)             Turns: 12155, Time: 00:23:46

Health: 0/113      AC: 10    Str: 15    XL:     12   Next: 23%
Magic:  0/11       EV: 25    Int:  6    God:    Gozag
Gold:   1024       SH:  0    Dex: 20    Spells: 11/11 levels left

rFire   . . .        m - +1 arbalest (heavy)
rCold   . . .        (shield currently unavailable)
rNeg    . . .        s - +5 robe of Misfortune {Harm *Corrode *Slow EV+5}
rPois   .            (helmet restricted)
rElec   .            (no cloak)
rCorr   .            (no gloves)
SInv    +            u - +2 pair of boots
Will    .....        w - amulet of guardian spirit
Stlth   +++++        h - ring of see invisible
HPRegen 0.38/turn    (no ring)
MPRegen 0.12/turn

%: corrode self (3%), slow self (1%), harm (+30% outgoing, +20% incoming),
guardian spirit
@: no status effects
A: horns 2, retaliatory headbutt
a: Renounce Religion, Potion Petition, Call Merchant, Bribe Branch


You were on level 2 of the Lair of Beasts.
You worshipped Gozag.
Gozag was most pleased with you.
You visited 4 branches of the dungeon, and saw 17 of its levels.
You also visited: Ossuary.

You collected 3072 gold pieces.
You spent 390 gold pieces at shops.
You paid 1658 gold pieces to Gozag.

Inventory:

Hand Weapons
 m - a +1 heavy arbalest (weapon)
 G - a +0 lajatang
Missiles
 d - 116 stones
 e - 4 silver javelins
 f - 12 boomerangs
 i - 25 poisoned darts
 n - 3 curare-tipped darts {=f !f}
 t - a throwing net {=f !f}
Armour
 s - the +5 robe of Misfortune (worn) {Harm *Corrode *Slow EV+5}
   (You found it on level 8 of the Dungeon)

   EV:        It affects your evasion (+5).
   *Corrode:  It may corrode you when you take damage.
   *Slow:     It may slow you when you take damage.
   Harm:      It increases damage dealt and taken.
 u - a +2 pair of boots (worn)
Jewellery
 h - a ring of see invisible (left hand)
 w - an amulet of guardian spirit (around neck)
Wands
 g - a wand of flame (66)
 x - a wand of paralysis (24)
 C - a wand of light (1)
 H - a wand of digging (3)
Scrolls
 a - 4 scrolls of teleportation
 b - 2 scrolls of immolation
 o - 5 scrolls of poison
 q - 2 scrolls of fear
 y - 4 scrolls of amnesia
 D - a scroll of blinking
Potions
 c - 7 potions of magic
 j - 2 potions of lignification
 k - 4 potions of brilliance
 l - a potion of heal wounds
 p - 11 potions of curing {@q1}
 r - 4 potions of mutation
 v - a potion of resistance
 z - 2 potions of might
 A - 5 potions of ambrosia
 B - 4 potions of flight
 E - a potion of invisibility {unknown}
 F - 2 potions of attraction {unknown}


   Skills:
 + Level 12.4 Fighting
 + Level 12.0 Ranged Weapons
 + Level 11.4 Dodging
 + Level 9.4 Stealth


You had 11 spell levels left.
You didn't know any spells.
Your spell library contained the following spells:

 Spells                   Type           Power      Damage    Failure   Level
 Kiss of Death            Conj/Necr      0%         2d5       45%         1
 Sting                    Tmut/Pois      0%         1d3       45%         1
 Poisonous Vapours        Pois/Air       0%         N/A       58%         2
 Confusing Touch          Hex            0%         N/A       83%         3
 Dazzling Flash           Conj/Hex       0%         N/A       83%         3
 Ozocubu's Armour         Ice            0%         N/A       83%         3
 Stone Arrow              Conj/Erth      0%         3d7       83%         3
 Volatile Blastmotes      Fire/Tloc      0%         2d10      83%         3
 Animate Armour           Summ/Erth      0%         N/A       99%         4
 Dispel Undead            Necr           0%         3d6       99%         4
 Olgreb's Toxic Radiance  Pois           0%         N/A       99%         4
 Agony                    Necr           0%         N/A       100%        5
 Silence                  Hex/Air        0%         N/A       100%        5
 Summon Forest            Summ/Tloc      0%         N/A       100%        5
 Ozocubu's Refrigeration  Ice            0%         4d7       100%        7
 Lehudib's Crystal Spear  Conj/Erth      0%         10d2      100%        8


Dungeon Overview and Level Annotations

Branches:
Dungeon (12/15)            Temple (1/1) D:5            Lair (2/5) D:11
  Snake (0/4) Lair:2          Orc (2/2) D:11            Elf (0/3) Orc:2
Ossuary (visited)
  Swamp: Lair:2-3    Shoals: Lair:2-3

Altars:
Ashenzari
Cheibriados
Dithmenos
Elyvilon
Fedhas
Gozag
Hepliaklqana
Kikubaaqudgha
Makhleb
Nemelex Xobeh
Okawaru
Qazlal
Ru
Sif Muna
Trog
Uskayaw
Vehumet
Wu Jian
Xom
Yredelemnul
Zin
The Shining One

Shops:
D:3 :   D:4 =   D:6 =   D:7 (   D:9 =   Orc:1 (   Orc:2 ::

Annotations:
D:2 1 runed translucent door, Crazy Yiuf
Lair:2 3 runed translucent doors, hamfred's ghost, journeyman DrTm
Orc:1 1 runed translucent door, croobank's ghost, journeyman DrFE


Innate Abilities, Weirdness & Mutations

You have a pair of horns on your head.
You reflexively headbutt those who attack you in melee.


Message History

Press: ? - help, Q - select action, (/) - cycle Shift-Dir - straight line, f - you
Okay, then.
Fire: m) +1 arbalest (heavy)
Press: ? - help, Q - select action, (/) - cycle Shift-Dir - straight line, f - death yak
Aim: a death yak (lightly wounded, 83% to hit)
You shoot a bolt. The bolt barely misses the death yak.
The death yak bellows!
Aiming: Bolt of Light
Press: ? - help, Q - select action, (/) - cycle Shift-Dir - straight line, f/p - death yak
Aim: a death yak (lightly wounded, 90% to hit)
Okay, then.
Okay, then.
Fire: m) +1 arbalest (heavy)
Press: ? - help, Q - select action, (/) - cycle Shift-Dir - straight line, f/p - death yak
Aim: a death yak (lightly wounded, 83% to hit)
You shoot a bolt. The bolt hits the death yak!!!
The death yak is almost dead.
The death yak is no longer distracted by gold.
Aiming: Bolt of Light
Press: ? - help, Q - select action, (/) - cycle Shift-Dir - straight line, f - death yak, p - death yak
Aim: a death yak (90% to hit)
The bolt of light hits the death yak.
The death yak is lightly wounded.
The death yak is blinded.
Fire: m) +1 arbalest (heavy)
Press: ? - help, Q - select action, (/) - cycle Shift-Dir - straight line, f/p - death yak
Aim: a death yak (lightly wounded, wandering, blind, hasn't noticed you, 83% to hit)
Your line of fire to the death yak is blocked by a fungus.
Fire: m) +1 arbalest (heavy)
Press: ? - help, Q - select action, (/) - cycle Shift-Dir - straight line, f/p - death yak
Aim: a death yak (lightly wounded, wandering, blind, hasn't noticed you, 83% to hit)
Okay, then.
Fire: m) +1 arbalest (heavy)
Press: ? - help, Q - select action, (/) - cycle Shift-Dir - straight line, p - death yak You shoot a bolt.
The bolt hits the death yak!
You kill the death yak!
Your Ranged Weapons skill increases to level 12!
Fire: m) +1 arbalest (heavy)
Press: ? - help, Q - select action, (/) - cycle Shift-Dir - straight line, f - death yak
Aim: a death yak (lightly wounded, wandering, blind, hasn't noticed you, 84% to hit)
Your line of fire to the death yak is blocked by a fungus.
Fire: m) +1 arbalest (heavy)
Press: ? - help, Q - select action, (/) - cycle Shift-Dir - straight line, f/p - death yak
Aim: a death yak (lightly wounded, wandering, blind, hasn't noticed you, 84% to hit)
Okay, then.
Fire: m) +1 arbalest (heavy)
Press: ? - help, Q - select action, (/) - cycle Shift-Dir - straight line, f/p - death yak
Aim: a death yak (lightly wounded, wandering, blind, hasn't noticed you, 84% to hit)
You shoot a bolt. The death yak bellows!
The bolt hits the death yak!!
The death yak is heavily wounded.
The death yak is no longer blind.
Fire: m) +1 arbalest (heavy)
Press: ? - help, Q - select action, (/) - cycle Shift-Dir - straight line, f/p - death yak
Aim: a death yak (heavily wounded, 84% to hit)
You shoot a bolt. The bolt hits the death yak!!
The death yak is severely wounded.
The death yak is distracted by your dazzling golden aura.
Fire: m) +1 arbalest (heavy)
Press: ? - help, Q - select action, (/) - cycle Shift-Dir - straight line, f/p - death yak
Aim: a death yak (severely wounded, unaware, hasn't noticed you, 84% to hit)
You shoot a bolt. The bolt barely misses the death yak.
The bolt hits the death yak!!!
You kill the death yak!
The death yak gores you!! The death yak closely misses you.
Fire: m) +1 arbalest (heavy)
Press: ? - help, Q - select action, (/) - cycle Shift-Dir - straight line, f - death yak
Aim: a death yak (84% to hit)
You shoot a bolt. The bolt hits the death yak!!
The death yak is heavily wounded.
The death yak gores you!
* * * LOW HITPOINT WARNING * * *
The black bear completely misses you. x3; The death yak gores you.
* * * LOW HITPOINT WARNING * * *
The black bear misses you. x3
Unknown command.
You feel much better.
You hear the brisk rumble of an avalanche of rocks very nearby.
The death yak gores you!
* * * LOW HITPOINT WARNING * * *
The black bear misses you. The black bear closely misses you.
The black bear barely misses you.
You feel much better. The death yak misses you.
The black bear barely misses you. You furiously retaliate!
You headbutt the black bear. The black bear closely misses you.
The black bear misses you.
Fire: m) +1 arbalest (heavy)
Press: ? - help, Q - select action, (/) - cycle Shift-Dir - straight line, f/p - death yak
Aim: a death yak (heavily wounded, 84% to hit)
You shoot a bolt. The bolt hits the death yak!
The death yak is severely wounded.
The death yak gores you!!
* * * LOW HITPOINT WARNING * * *
The black bear misses you. The black bear barely misses you.
The black bear misses you. The death yak gores you!!
* * * LOW HITPOINT WARNING * * *
The black bear misses you. The black bear claws you.
You die...
Your body crumbles into a pile of gold.

.......$###
#...$...#
#P...##..##
####..#...#
#......##
##....$P###
###......#
##.#.Yh##
#..#.#@##
##..#...# ####
#...#.####~~P####.
##P...###.~~~~~.~.
##....#.~~~~~~~.#
#P#P~.~~~.?~~~~~
####~~~~.~...~~~
##.~~~.~.~~.~~
##..~~...>..~~~


You could see a death yak and a black bear.

Vanquished Creatures
  A hydra (D:9)
  Erica (Lair:2)
  3 two-headed ogres
  4 death yaks (Lair:2)
  A cyclops (Orc:1)
  Joseph (D:7)
  2 black mambas
  Psyche (D:8)
  3 komodo dragons
  Maggie (Lair:1)
  A troll (D:12)
  2 vampires
  3 wraiths
  15 yaks
  An unseen horror simulacrum (D:9)
  2 steam dragons
  2 nagas (Lair:2)
  An acid dragon (D:9)
  A warg (Orc:1)
  4 water moccasins
  10 orc warriors
  3 black bears
  2 sky beasts
  5 ogres
  3 wolves (Lair:2)
  7 centaurs
  3 kobold brigands
  3 bullfrogs
  A gnoll sergeant (D:9)
  2 scorpions
  5 wights (D:8)
  4 killer bees (D:8)
  6 howler monkeys
  2 electric eels (Lair:1)
  A jelly (D:4)
  4 lava snakes (Lair:1)
  7 hounds
  12 orc priests
  2 sleepcaps
  A gnoll bouda (D:6)
  Jessica (D:2)
  3 iguanas
  16 orc wizards
  12 mummies (Ossuary)
  12 gnolls
  3 adders
  3 white imps
  An ufetubus (D:5)
  2 worms
  A dart slug (D:1)
  101 orcs
  5 ball pythons
  3 endoplasms
  4 giant cockroaches
  8 goblins
  14 hobgoblins
  4 jackals
  21 kobolds
  A quokka (D:3)
  3 bats
  4 frilled lizards
  2 goblin skeletons (Ossuary)
  A kobold skeleton (Ossuary)
  5 orc skeletons (Ossuary)
  4 rats
  11 rat skeletons (Ossuary)
378 creatures vanquished.

Vanquished Creatures (others)
  A wizard (D:6)
  An orc (D:8)
2 creatures vanquished.

Grand Total: 380 creatures vanquished

Notes
Turn   | Place    | Note
-------+----------+-------------------------------------------
     0 | D:1      | Darkkill the Minotaur Hunter began the quest for the Orb.
     0 | D:1      | Reached XP level 1. HP: 18/18 MP: 0/0
    98 | D:1      | Reached skill level 1 in Stealth
   124 | D:1      | Reached XP level 2. HP: 17/25 MP: 1/1
   839 | D:2      | Reached XP level 3. HP: 31/31 MP: 2/2
   904 | D:2      | Reached XP level 4. HP: 38/38 MP: 3/3
   918 | D:2      | Noticed Jessica
   923 | D:2      | Killed Jessica
   924 | D:2      | Reached skill level 5 in Ranged Weapons
  1419 | D:2      | Reached XP level 5. HP: 46/46 MP: 4/4
  1507 | D:2      | Found a runed translucent door.
  1508 | D:2      | Noticed Crazy Yiuf
  1537 | D:2      | Got Sif Muna's Information on Foul Shifting
  1703 | D:3      | Found a faded altar of an unknown god.
  1958 | D:3      | Found Kaifruef's Book Emporium.
  1975 | D:3      | Identified the +1 robe of the Ecumenical Temple {Will++
                  | Regen+}
  2540 | D:4      | Reached XP level 6. HP: 52/52 MP: 5/5
  2647 | D:4      | Found Yregeaquf's Jewellery Shoppe.
  2738 | D:4      | Noticed a steam dragon
  2742 | D:4      | Killed a steam dragon
  2884 | D:4      | Found a large runed translucent door.
  2885 | D:4      | Found a large runed translucent door.
  2948 | D:4      | Reached skill level 5 in Fighting
  2948 | D:4      | Reached XP level 7. HP: 56/61 MP: 6/6
  2957 | D:4      | Found a stormy altar of Qazlal.
  2963 | D:4      | Found a shadowy altar of Dithmenos.
  3020 | D:5      | Entered Level 5 of the Dungeon
  3252 | D:5      | Reached skill level 5 in Dodging
  3365 | D:5      | Found a staircase to the Ecumenical Temple.
  3534 | Temple   | Entered the Ecumenical Temple
  3620 | Temple   | Became a worshipper of Gozag Ym Sagoz the Greedy
  4109 | D:6      | Reached XP level 8. HP: 70/70 MP: 7/7
  4371 | D:6      | Found a sand-covered staircase.
  4376 | Ossuary  | Entered an ossuary
  4797 | D:6      | Found Hoelidun's Jewellery Boutique.
  5349 | D:6      | Found a bloodstained altar of Trog.
  5353 | D:6      | Noticed a wizard
  5358 | D:6      | Killed a wizard
  5530 | D:7      | You fall into a shaft and drop 1 floor!
  5635 | D:8      | Noticed Psyche
  5648 | D:8      | HP: 5/73 [Psyche/+3 dagger of chaos (14)]
  5652 | D:8      | Killed Psyche
  5653 | D:8      | Reached skill level 5 in Stealth
  5739 | D:8      | Reached XP level 9. HP: 79/79 MP: 8/8
  5868 | D:8      | Found a hide-covered altar of Uskayaw.
  5868 | D:8      | Noticed a +0 hand axe
  5869 | D:8      | Noticed a +0 hand axe
  5890 | D:8      | Found the +5 robe of Misfortune {Harm *Corrode *Slow EV+5}
  6564 | D:7      | Noticed Joseph
  6568 | D:7      | Killed Joseph
  6569 | D:7      | Reached XP level 10. HP: 75/91 MP: 9/9
  6967 | D:9      | Found Ymejept's Jewellery Shoppe.
  6978 | D:9      | Found a hazy altar of Hepliaklqana.
  6997 | D:9      | Bought an amulet of guardian spirit for 390 gold pieces
  7061 | D:9      | Found a snail-covered altar of Cheibriados.
  7170 | D:9      | Noticed a seven-headed hydra
  7175 | D:9      | HP: 18/91 [seven-headed hydra (12)]
  7175 | D:9      | HP: 4/91 [seven-headed hydra (7)]
  7183 | D:10     | Entered Level 10 of the Dungeon
  7524 | D:10     | HP: 13/91 [yak (8)]
  7525 | D:10     | HP: 4/91 [yak (10)]
  7525 | D:10     | HP: 1/91 [yak (3)]
  7549 | D:10     | Reached skill level 10 in Fighting
  8515 | D:9      | Reached skill level 10 in Ranged Weapons
  9020 | D:9      | Killed a seven-headed hydra
  9021 | D:9      | Reached XP level 11. HP: 101/101 MP: 10/10
  9305 | D:11     | Noticed a two-headed ogre
  9309 | D:11     | Killed a two-headed ogre
  9415 | D:11     | Found a staircase to the Orcish Mines.
  9694 | D:11     | Reached skill level 10 in Dodging
  9817 | D:11     | Found a staircase to the Lair.
  9870 | D:11     | Noticed a two-headed ogre
  9872 | D:11     | Killed a two-headed ogre
 10138 | Orc:1    | Entered Level 1 of the Orcish Mines
 10376 | Orc:1    | Found a runed translucent door.
 10378 | Orc:1    | Noticed croobank's ghost (journeyman DrFE)
 10458 | Orc:2    | Entered Level 2 of the Orcish Mines
 10458 | Orc:2    | Noticed a two-headed ogre
 10458 | Orc:2    | Noticed a two-headed ogre
 10458 | Orc:2    | Found a staircase to the Elven Halls.
 10458 | Orc:2    | Found Uriympefi's Book Shoppe.
 10458 | Orc:2    | Found Xynun's Book Emporium.
 10459 | Orc:2    | Noticed a two-headed ogre
 10459 | Orc:2    | Noticed a two-headed ogre
 10460 | Orc:2    | Noticed a two-headed ogre
 10547 | D:12     | Noticed a two-headed ogre
 10551 | D:12     | Killed a two-headed ogre
 11022 | Lair:1   | Entered Level 1 of the Lair of Beasts
 11321 | Lair:1   | Noticed Maggie
 11325 | Lair:1   | Killed Maggie
 11938 | Lair:2   | Noticed Erica
 11941 | Lair:2   | Killed Erica
 12066 | Lair:2   | Found a runed translucent gate.
 12066 | Lair:2   | Found a runed translucent gate.
 12066 | Lair:2   | Found a runed translucent gate.
 12067 | Lair:2   | Noticed hamfred's ghost (journeyman DrTm)
 12075 | Lair:2   | Found a staircase to the Snake Pit.
 12084 | Lair:2   | Reached XP level 12. HP: 105/112 MP: 11/11
 12134 | Lair:2   | Noticed a death yak
 12135 | Lair:2   | Noticed a death yak
 12136 | Lair:2   | Noticed a death yak
 12137 | Lair:2   | Noticed a death yak
 12138 | Lair:2   | Noticed a death yak
 12139 | Lair:2   | Killed a death yak
 12142 | Lair:2   | Killed a death yak
 12147 | Lair:2   | Killed a death yak
 12151 | Lair:2   | Killed a death yak
 12152 | Lair:2   | HP: 21/113 [death yak (16)]
 12155 | Lair:2   | HP: 1/113 [death yak (26)]
 12155 | Lair:2   | Slain by a black bear

Illustrated notes

Levels and vault maps discovered:
D:1:      onia_arrival_pentagram, layout_loops_ring
D:2:      layout_basic, uniq_crazy_yiuf_cottage, uniq_jessica
D:3:      layout_loops_ring, dreamdust_ecumenical_altar_angels_and_demons,
          serial_shops, nicolae_shop_crystal
D:4:      layout_basic, jmf_multi_god_temple2, serial_shops, shop,
          serial_bayou_pond_d, roderic_roman_lattice
D:5:      layout_gridville, minmay_temple_entry_offerings
D:6:      layout_layer_cave, trog_wizard, enter_ossuary_5,
          minmay_shop_grid_forest, st_stairs_3, chequers_serial_rivers_small_3,
          kennysheep_generic_room_5
D:7:      layout_basic, sigmund_army, uniq_joseph
D:8:      layout_gridville, dancing_weapons_uskayaw, uniq_psyche
D:9:      layout_roguey [special_room_orc], nicolae_overflow_hidden_temple,
          mainiacjoe_overflow_paths, serial_shops, nicolae_shop_peninsula,
          small_chamber_with_monster
D:10:     layout_basic
D:11:     layout_basic, david_lair_shrubbed, hiddenorc2_lemuel
D:12:     layout_roguey
Temple:   eino_temple_rhombus
Lair:1:   layout_long_grid, serial_rivers, chequers_serial_rivers_room_b,
          chequers_serial_rivers_large_a, chequers_serial_rivers_micro_a,
          chequers_serial_rivers_micro_e, chequers_serial_rivers_marsh,
          nicolae_lair_liquid_snakes, uniq_maggie
Lair:2:   layout_roguey, nicolae_swamp_entry_splash_gauntlet,
          guppyfry_snake_entry_island, enter_volcano_4,
          ebering_ghost_rock_garden, basic_altar, serial_bayou_shore_b,
          serial_bayou_shore_a, uniq_erica
Orc:1:    layout_caves, ebering_ghost_inner_flame
Orc:2:    st_orc_open, layout_caves, basic_altar, serial_shops, shop,
          nicolae_orc_rich_vein

Skill      XL: |  1  2  3  4  5  6  7  8  9 10 11 12 |
---------------+-------------------------------------+-----
Stealth        | 1 2 3 4 5 6 7 9 |  9.4
Fighting       | 3 4 5 6 7 9 10 12 | 12.4
Dodging        | 3 4 5 6 8 9 11 | 11.4
Ranged Weapons | 5 6 7 9 10 11 12 | 12.0

Action                     |  1- 3 |  4- 6 |  7- 9 | 10-12 || total
---------------------------+-------+-------+-------+-------++-------
   Fire: Shortbow          |    64 |    29 |       |       ||    93
         Arbalest          |       |   126 |   266 |   317 ||   709
 Invoke: Call Merchant     |       |       |       |     2 ||     2
  Evoke: Wand              |       |       |       |     1 ||     1
    Use: Scroll            |     1 |     6 |    12 |    13 ||    32
         Potion            |       |       |     2 |     5 ||     7
 Armour: Leather armour    |     2 |     5 |       |       ||     7
         Robe              |       |     6 |    31 |    38 ||    75
  Dodge: Dodged            |    12 |    54 |   175 |   271 ||   512

Levels and vault maps discovered:
D:1:      onia_arrival_pentagram, layout_loops_ring
D:2:      layout_basic, uniq_crazy_yiuf_cottage, uniq_jessica
D:3:      layout_loops_ring, dreamdust_ecumenical_altar_angels_and_demons,
          serial_shops, nicolae_shop_crystal
D:4:      layout_basic, jmf_multi_god_temple2, serial_shops, shop,
          serial_bayou_pond_d, roderic_roman_lattice
D:5:      layout_gridville, minmay_temple_entry_offerings
D:6:      layout_layer_cave, trog_wizard, enter_ossuary_5,
          minmay_shop_grid_forest, st_stairs_3, chequers_serial_rivers_small_3,
          kennysheep_generic_room_5
D:7:      layout_basic, sigmund_army, uniq_joseph
D:8:      layout_gridville, dancing_weapons_uskayaw, uniq_psyche
D:9:      layout_roguey [special_room_orc], nicolae_overflow_hidden_temple,
          mainiacjoe_overflow_paths, serial_shops, nicolae_shop_peninsula,
          small_chamber_with_monster
D:10:     layout_basic
D:11:     layout_basic, david_lair_shrubbed, hiddenorc2_lemuel
D:12:     layout_roguey
Temple:   eino_temple_rhombus
Lair:1:   layout_long_grid, serial_rivers, chequers_serial_rivers_room_b,
          chequers_serial_rivers_large_a, chequers_serial_rivers_micro_a,
          chequers_serial_rivers_micro_e, chequers_serial_rivers_marsh,
          nicolae_lair_liquid_snakes, uniq_maggie
Lair:2:   layout_roguey, nicolae_swamp_entry_splash_gauntlet,
          guppyfry_snake_entry_island, enter_volcano_4,
          ebering_ghost_rock_garden, basic_altar, serial_bayou_shore_b,
          serial_bayou_shore_a, uniq_erica
Orc:1:    layout_caves, ebering_ghost_inner_flame
Orc:2:    st_orc_open, layout_caves, basic_altar, serial_shops, shop,
          nicolae_orc_rich_vein

Table legend: (Time is in decaauts)
 A = Elapsed time spent in this place.
 B = Non-inter-level travel time spent in this place.
 C = Inter-level travel time spent in this place.
 D = Time resting spent in this place.
 E = Time spent auto-exploring this place.
 F = Levels seen in this place.
 G = Mean time per level.
                   A        B        C        D        E       F      G
               +--------+--------+--------+--------+--------+-----+--------+
         Total |  12867 |  12107 |    760 |    353 |   9454 |  18 |  714.8 |
       Dungeon |  10747 |  10053 |    694 |    353 |   7858 |  12 |  895.6 |
        Temple |    163 |    142 |     21 |      0 |    128 |   1 |  163.0 |
          Lair |   1206 |   1187 |     19 |      0 |    984 |   2 |  603.0 |
  Orcish Mines |    374 |    348 |     26 |      0 |    252 |   2 |  187.0 |
       Ossuary |    375 |    375 |      0 |      0 |    232 |   1 |  375.0 |
               +--------+--------+--------+--------+--------+-----+--------+

Top non-repeatable levels by time:
    D:10: 1330 daAuts
    D:11: 1266 daAuts
     D:6: 1169 daAuts
     D:9: 997 daAuts
  Lair:1: 952 daAuts
     D:8: 931 daAuts
     D:3: 897 daAuts
     D:2: 857 daAuts
     D:5: 801 daAuts
     D:1: 787 daAuts
     D:4: 663 daAuts
     D:7: 586 daAuts
    D:12: 458 daAuts
 Ossuary: 375 daAuts
   Orc:1: 373 daAuts

Table legend:
 A = Kills in this place as a percentage of kills in the entire game.
 B = Kills by you in this place as a percentage of kills by you in the entire game.
 C = Kills by friends in this place as a percentage of kills by friends in the entire game.
 D = Other kills in this place as a percentage of other kills in the entire game.
 E = Experience gained in this place as a percentage of experience gained in the entire game.
 F = Experience gained in this place divided by the number of levels of this place that you have seen.
                   A       B       C       D       E      F
               +-------+-------+-------+-------+-------+----------------------
         Total | 100.0 | 100.0 |   N/A | 100.0 | 100.0 | 1428.1
       Dungeon |  82.6 |  82.5 |   N/A | 100.0 |  64.9 | 1390.6
          Lair |   6.1 |   6.1 |   N/A |   0.0 |  28.8 | 3704.0
  Orcish Mines |   3.2 |   3.2 |   N/A |   0.0 |   5.3 | 687.5
       Ossuary |   8.2 |   8.2 |   N/A |   0.0 |   0.9 | 236.0
               +-------+-------+-------+-------+-------+----------------------
